 Dungeon Crawl Stone Soup version 0.21.1-1-g345015fe64 (webtiles) character file.

77 Holzbalken the Gusty (level 4, -9/33 HPs)
             Began as a Draconian Air Elementalist on July 10, 2018.
             Mangled by a worm (12 damage)
             ... on level 2 of the Dungeon on July 11, 2018.
             The game lasted 00:09:32 (1578 turns).

Holzbalken the Gusty (Draconian Air Elementalist)   Turns: 1578, Time: 00:09:32

Health: -9/33      AC:  6    Str: 10    XL:     4   Next: 14%
Magic:  2/7        EV: 12    Int: 17    God:
Gold:   82         SH:  0    Dex: 11    Spells: 7/8 levels left

rFire    . . .     SeeInvis .   (no weapon)
rCold    . . .     Gourm    .   (no shield)
rNeg     . . .     Faith    .   (armour unavailable)
rPois    +         Spirit   .   (helmet restricted)
rElec    .         Reflect  .   n - +0 cloak
rCorr    .         Harm     .   (no gloves)
MR       .....                  (no boots)
Stlth    ++........             (no amulet)
HPRegen  0.11/turn              k - ring of poison resistance
MPRegen  0.10/turn              (no ring)

@: no status effects
A: unfitting armour, cold-blooded, AC +5
a: no special abilities


You were on level 2 of the Dungeon.
You were not hungry.

You visited 1 branch of the dungeon, and saw 2 of its levels.

You collected 82 gold pieces.

Inventory:

Armour
 g - a +0 cloak
 n - a +0 cloak (worn)
Jewellery
 k - a ring of poison resistance (left hand)
Scrolls
 c - 2 scrolls of enchant armour {unknown}
 d - 5 scrolls of identify {unknown}
 e - a scroll of amnesia {unknown}
 l - a scroll of immolation {unknown}
Potions
 f - 2 potions of heal wounds {unknown}
 i - a potion of agility {unknown}
 j - a potion of might {unknown}
 m - a potion of ambrosia {unknown}
 o - a potion of flight {unknown}
Books
 a - a book of Air

   Spells                             Type                      Level
   a - Shock                          Conjuration/Air              1
   b - Swiftness                      Charms/Air                   2
   c - Static Discharge               Conjuration/Air              3
   d - Airstrike                      Air                          4
   e - Lightning Bolt                 Conjuration/Air              5
Comestibles
 b - 3 rations
 h - 2 chunks of flesh


   Skills:
 - Level 2.0 Dodging
 - Level 1.8 Stealth
 + Level 2.5 Spellcasting
 + Level 1.9 Conjurations
 * Level 4.1 Air Magic


You had 7 spell levels left.
You knew the following spells:

 Your Spells              Type           Power        Failure   Level  Hunger
a - Shock                 Conj/Air       ##..         5%          1    #......


Dungeon Overview and Level Annotations

Branches:
Dungeon (2/15)

Altars:


Innate Abilities, Weirdness & Mutations

Your plain brown scales are hard. (AC +5)
You cannot fit into any form of body armour.
You are cold-blooded and may be slowed by cold attacks.


Message History

Press: ? - help, Shift-Dir - straight line The zap hits the worm.
The worm is lightly wounded.
The zap hits the worm.
The worm is moderately wounded.
The worm bites you. The worm bites you but does no damage. The worm bites you!
The worm bites you but does no damage. The worm barely misses you.
The worm closely misses you.
Some of the chunks of flesh in your inventory have rotted away.
The worm bites you. The worm misses you. The worm bites you.
The worm bites you!
* * * LOW HITPOINT WARNING * * *
The worm barely misses you. The worm bites you!
You die...

.....# #......#
.....# ### #......##
#.#### ..# ####.....
#.# ..#######.#.##
#.# ..##.........#
#.# w.##.......#.#
#.# ..##..........
#.#################.#
#...()..##.
#...............@w..#
##########.
.......##############
#...# #. .......#
#...# #. .......#
#########...####.
.......#
.................
.......###
#####(...#...####.
.........#
..##....#..(.# ##
.........#
#.##....#....# #.
.........#
##.##....#....# #.


You could see a worm.

Vanquished Creatures
  A gnoll (D:1)
  3 adders (D:2)
  4 leopard geckos
  A ball python (D:2)
  4 bats
  A giant cockroach (D:1)
  2 goblins
  9 hobgoblins
  3 kobolds
  3 frilled lizards
  4 rats (D:1)
35 creatures vanquished.

Notes
Turn   | Place    | Note
-------+----------+-------------------------------------------
     0 | D:1      | Holzbalken the Draconian Air Elementalist began the quest for the Orb.
     0 | D:1      | Reached XP level 1. HP: 14/14 MP: 3/3
   170 | D:1      | Reached XP level 2. HP: 20/20 MP: 0/5
   613 | D:1      | Reached XP level 3. HP: 26/26 MP: 0/6
  1335 | D:2      | Reached skill level 4 in Air Magic
  1517 | D:2      | Reached XP level 4. HP: 33/33 MP: 0/7
  1578 | D:2      | Mangled by a worm

Skill      XL: |  1  2  3 |
---------------+----------+-----
Dodging        | 2 |  2.0
Air Magic      | 4 |  4.1
Stealth        | |  1.8
Spellcasting   | |  2.5
Conjurations   | |  1.9

Action                   |  1- 3 |  4- 6 || total
-------------------------+-------+-------++-------
Melee: Unarmed           |    20 |     1 ||    21
       Tailslap          |     5 |       ||     5
 Cast: Shock             |    62 |     6 ||    68
  Eat: Chunk             |     3 |       ||     3
Armor: Skin              |    22 |     2 ||    24
Dodge: Dodged            |    40 |     5 ||    45
